 Dungeon Crawl Stone Soup version 0.29-a0-901-g46a8461d6a (webtiles) character file.

Game seed: 2037711100877647039

155 night the Shooter (level 5, -7/41 HPs)
             Began as a Meteoran Hunter on July 23, 2022.
             Was an Initiate of the Shining One.
             Killed by divine providence
             ... invoked by an orc priest
              (9 damage)
             ... on level 3 of the Dungeon.
             The game lasted 00:05:03 (1088 turns).

night the Shooter (Meteoran Hunter)                 Turns: 1088, Time: 00:05:04

Health: -7/41      AC:  6    Str: 13    XL:     5   Next: 96%
Magic:  6/6        EV: 11    Int: 10    God:    the Shining One [......]
Gold:   88         SH:  0    Dex: 19    Spells: 4/4 levels left

rFire   . . .      SeeInvis .   a - +0 shortbow
rCold   . . .      Faith    .   (shield currently unavailable)
rNeg    . . .      Spirit   .   g - +0 ring mail
rPois   .          Reflect  .   (no helmet)
rElec   .          Harm     .   (no cloak)
rCorr   .          Rampage  .   (no gloves)
Will    .....                   j - +0 pair of boots
Stlth   +.........              (no amulet)
HPRegen 0.13/turn               (no ring)
MPRegen 0.10/turn               (no ring)

@: lethally poisoned (-7 -> -14), attractive, glowing
A: sense surroundings 1, otherworldly, glowing, explore regen
a: Renounce Religion


You were on level 3 of the Dungeon.
You worshipped the Shining One.
The Shining One was noncommittal.
You visited 1 branch of the dungeon, and saw 4 of its levels.

You collected 88 gold pieces.

Inventory:

Hand Weapons
 a - a +0 shortbow (weapon)
 k - a +5 mace
Missiles
 f - 24 stones
 m - 2 throwing nets
Armour
 c - a +0 leather armour
 g - a +0 ring mail (worn)
 j - a +0 pair of boots (worn)
Scrolls
 b - a scroll of immolation
 d - 2 scrolls of teleportation
 e - 2 scrolls of identify
 h - a scroll of butterflies
 i - a scroll of noise {unknown}
Potions
 l - a potion of attraction


   Skills:
 - Level 2.1 Fighting
 * Level 7.1 Ranged Weapons
 - Level 2.4 Dodging
 - Level 0.6 Stealth


You had 4 spell levels left.
You didn't know any spells.
Your spell library was empty.

Dungeon Overview and Level Annotations

Branches:
Dungeon (4/15) Zot: 1278
 Temple: D:4-7

Altars:
Cheibriados
Gozag
Xom
The Shining One

Annotations:
D:4 Eustachio


Innate Abilities, Weirdness & Mutations

You passively map a small area around you.
You are easily found by Zot.
You glow in the dark.
You regain HP and MP as you explore.


Message History

* * * LOW HITPOINT WARNING * * *
The orc priest hits you but does no damage.
The orc hits you but does no damage.
You are too injured to fight recklessly!
You are too injured to fight recklessly!
Fire: a) +0 shortbow
Press: ? - help, Q - select action, (/) - cycle Shift-Dir - straight line, f/p - orc
Aim: an orc, wielding a +0 dagger (almost dead, 65% to hit)
You shoot an arrow. The arrow hits the orc.
You kill the orc!
The orc priest closely misses you.
The orc priest hits you with a +0 dagger.
* * * LOW HITPOINT WARNING * * *
The orc priest looks braver for a moment.
The orc attacks as you move away! The orc closely misses you.
The orc attacks as you move away!
The orc hits you with a +2 dagger of venom.
* * * LOW HITPOINT WARNING * * *
You are lethally poisoned!
* * * LOW HITPOINT WARNING * * *
You feel sick.
The orc priest calls down the wrath of Beogh upon you.
Beogh smites you! The Shining One protects you from harm!
* * * LOW HITPOINT WARNING * * *
You feel sick. The orc attacks as you move away! The orc closely misses you.
You feel sick. The orc attacks as you move away!
The orc hits you with a +2 dagger of venom.
* * * LOW HITPOINT WARNING * * *
You are more poisoned.
* * * LOW HITPOINT WARNING * * *
You feel very sick.
It was a potion of attraction.
You feel attractive to monsters.
* * * LOW HITPOINT WARNING * * *
You feel sick. The orc misses you.
The orc priest mumbles some strange prayers to Beogh against you.
Beogh smites you!
You die...

* * ### * #..
, , ##.#* *,
* ##..##### ,
,
####..@##..#
, *
........o...#
,
..###...##o.#
* * #...##.##
,, , *## , *,
##...##o# * ,
#. ,
*#....##.# ,
* ## ,
......##.# ,
< ,
.##....##.##*
,, , , * , ,
.)....)..# ,
,


You could see an orc priest and an orc.

Vanquished Creatures
  2 orc priests
  An orc wizard (D:4)
  2 adders (D:4)
  3 dart slugs
  4 orcs
  5 ball pythons
  7 bats
  8 endoplasms
  2 giant cockroaches (D:3)
  4 goblins
  A hobgoblin (D:1)
  2 kobolds (D:1)
  2 rats (D:1)
43 creatures vanquished.

Vanquished Creatures (others)
  A hound (D:4)
  An iguana (D:4)
  2 adders (D:4)
4 creatures vanquished.

Grand Total: 47 creatures vanquished

Notes
Turn   | Place    | Note
-------+----------+-------------------------------------------
     0 | D:1      | night the Meteoran Hunter began the quest for the Orb.
     0 | D:1      | Reached XP level 1. HP: 17/17 MP: 2/2
    43 | D:1      | Reached XP level 2. HP: 24/24 MP: 3/3
   122 | D:1      | Reached skill level 5 in Ranged Weapons
   161 | D:1      | Reached XP level 3. HP: 29/29 MP: 4/4
   652 | D:2      | You fall into a shaft and drop 2 floors!
   655 | D:4      | Noticed a phantom
   661 | D:4      | Reached XP level 4. HP: 36/36 MP: 5/5
   664 | D:4      | Found a shimmering altar of Xom.
   686 | D:4      | Reached skill level 6 in Ranged Weapons
   714 | D:4      | Reached XP level 5. HP: 30/41 MP: 6/6
   849 | D:4      | Found a glowing golden altar of the Shining One.
   859 | D:4      | Became a worshipper of the Shining One
   866 | D:4      | Found a snail-covered altar of Cheibriados.
   903 | D:4      | Noticed Eustachio
   989 | D:3      | Found an opulent altar of Gozag.
  1074 | D:3      | Reached skill level 7 in Ranged Weapons
  1084 | D:3      | The Shining One protects you from harm!
  1086 | D:3      | HP: 6/41 [poisoned by an orc]
  1088 | D:3      | HP: 2/41 [poisoned by an orc]
  1088 | D:3      | Killed from afar by an orc priest

Illustrated notes

Levels and vault maps discovered:
D:1:      scummos_arrival_star, layout_loops_ring
D:2:      layout_loops_ring
D:3:      layout_loops_ring, zin_angel, grunt_gozag_statues,
          shapermc_ecumenical_altar_totnotflames, lexackson_kobold_supper
D:4:      layout_basic, xom_confusion_cloud, amethyst_overflow_temple_binary,
          uniq_eustachio

Skill      XL: |  1  2  3  4  5 |
---------------+----------------+-----
Ranged Weapons | 5 6 7 |  7.1
Fighting       | |  2.1
Dodging        | |  2.4
Stealth        | |  0.6

Action                   |  1- 3 |  4- 6 || total
-------------------------+-------+-------++-------
Melee: Shortbow          |       |     1 ||     1
 Fire: Shortbow          |    67 |    40 ||   107
  Use: Scroll            |       |     3 ||     3
       Potion            |       |     1 ||     1
Armor: Leather armour    |    16 |       ||    16
       Ring mail         |     2 |    14 ||    16
Dodge: Dodged            |    14 |     7 ||    21

Table legend: (Time is in decaauts)
 A = Elapsed time spent in this place.
 B = Non-inter-level travel time spent in this place.
 C = Inter-level travel time spent in this place.
 D = Time resting spent in this place.
 E = Time spent auto-exploring this place.
 F = Levels seen in this place.
 G = Mean time per level.
                   A        B        C        D        E       F      G
               +--------+--------+--------+--------+--------+-----+--------+
         Total |   1120 |   1018 |    102 |    100 |    443 |   4 |  280.0 |
       Dungeon |   1120 |   1018 |    102 |    100 |    443 |   4 |  280.0 |
               +--------+--------+--------+--------+--------+-----+--------+

Top non-repeatable levels by time:
     D:2: 417 daAuts
     D:4: 264 daAuts
     D:1: 252 daAuts
     D:3: 186 daAuts
